 Dungeon Crawl Stone Soup version 0.31.0-9-g3a7656b989 (webtiles) character file.

Game seed: 10436698656435545913

0 browni3141 the Sneak (level 1, -7/18 HPs)
             Began as a Formicid Delver on Jan 24, 2024.
             Killed from afar by a white imp (13 damage)
             ... with a puff of frost
             ... on level 5 of the Dungeon.
             The game lasted 00:00:14 (33 turns).

browni3141 the Sneak (Formicid Delver)                Turns: 33, Time: 00:00:15

Health: -7/18      AC:  3    Str: 16    XL:     1   Next: 0%
Magic:  1/1        EV: 12    Int:  9    God:
Gold:   0          SH:  0    Dex: 15    Spells: 0/0 levels left

rFire   . . .        a - +0 short sword
rCold   . . .        (no shield)
rNeg    . . .        b - +0 leather armour
rPois   .            (helmet unavailable)
rElec   .            (no cloak)
rCorr   .            (no gloves)
SInv    +            (no boots)
Will    .....        (no amulet)
Stlth   +++          (no ring)
HPRegen 0.23/turn    (no ring)
MPRegen 0.07/turn

%: no passive effects
@: no status effects
A: permanent stasis, dig shafts and tunnels, antennae 3, four strong arms
a: Dig, Shaft Self


You were on level 5 of the Dungeon.
You visited 1 branch of the dungeon, and saw 1 of its levels.

Inventory:

Hand Weapons
 a - a +0 short sword (weapon)
Armour
 b - a +0 leather armour (worn)
Wands
 f - a wand of digging (3)
Scrolls
 d - a scroll of revelation
 e - a scroll of fear
 F - a scroll of fog


   Skills:
 + Level 3.2 Fighting
 * Level 2.0 Short Blades
 - Level 1.7 Dodging
 - Level 6.0 Stealth


You couldn't memorise any spells.
You didn't know any spells.
Your spell library was empty.

Dungeon Overview and Level Annotations

Branches:
Dungeon (5/15)
 Temple: D:4-7

Altars:


Innate Abilities, Weirdness & Mutations

You cannot be hasted, slowed, berserked, paralysed or teleported.
You can dig through walls and to a lower floor.
You have a pair of large antennae on your head. (SInv)
Your four strong arms can wield two-handed weapons with a shield.


Message History

Ran out of altars for temple! x2
Welcome, browni3141 the Formicid Delver.
The heart of this dungeon contains the glorious artefact, the Orb of Zot.
Press ? for a list of commands and other information.
Found a stone staircase leading down.
Setting a skill training target for Axes at 16.0.
Setting a skill training target for Invocations at 14.0.
Setting a skill training target for Throwing at 5.0.
There is a stone staircase leading down here.
You sense a monster nearby.
You open the door.
You sense a monster nearby.
There is an open door here.
A white imp comes into view.
The white imp shouts!
You hear a shout!
A gnoll comes into view. It is wielding a +0 club.
You hear a shout!
There are monsters nearby!
The white imp shouts, "Accept thy failure, thou unctious spur-galled boar-pig!"
A gnoll comes into view. It is wielding a +0 club.
There is an open door here.
You hit the gnoll but do no damage. The gnoll barely misses you.
You closely miss the gnoll. You hit the gnoll.
The gnoll is lightly wounded.
The gnoll closely misses you.
You hit the gnoll.
The gnoll is moderately wounded.
The gnoll misses you.
The white imp lashes its tail.
You hit the gnoll.
The gnoll is heavily wounded.
The gnoll hits you with a +0 club.
You hit the gnoll.
The gnoll is almost dead.
The gnoll hits you but does no damage.
You closely miss the gnoll.
The gnoll is almost dead.
The gnoll hits you but does no damage.
You hit the gnoll but do no damage.
The gnoll is almost dead.
The gnoll hits you with a +0 club.
You are too injured to fight recklessly!
You are too injured to fight recklessly!
You closely miss the gnoll.
The gnoll is almost dead.
The gnoll hits you with a +0 club.
* * * LOW HITPOINT WARNING * * *
You hit the gnoll.
You kill the gnoll!
The white imp gestures at you. The puff of frost hits you!
Ouch! That really hurt!
You die...

##### #...#
#...########
+...........
#......####
####...####### {
#5)@..........
,#.##...######
#......{###...>..#
....###..#
#.####.# .. #..#
#.# #.# ...# #.#
#.# #.## #.# #.#
..# #.# #.# ###
#.# #.#


You could see a white imp.

Vanquished Creatures
  A gnoll (D:5)
1 creature vanquished.

Notes
Turn   | Place    | Note
-------+----------+-------------------------------------------
     0 | D:5      | browni3141 the Formicid Delver began the quest for the Orb.
     0 | D:5      | Reached XP level 1. HP: 18/18 MP: 1/1
    33 | D:5      | Killed from afar by a white imp

Illustrated notes

Levels and vault maps discovered:
D:5:      layout_basic

Action                     || total
---------------------------++-------
  Melee: Short sword       ||    10
 Armour: Leather armour    ||     6
  Dodge: Dodged            ||     3
